 Dungeon Crawl Stone Soup version 0.31.0 (webtiles) character file.

Game seed: 11330777960748502020

88 qw the Shooter (level 4, 0/28 HPs)
             Began as a Gargoyle Hunter on Jan 19, 2024.
             Slain by an orc priest
             ... wielding a +0 club
              (1 damage)
             ... on level 3 of the Dungeon.
             The game lasted 00:00:07 (2182 turns).

qw the Shooter (Gargoyle Hunter)                    Turns: 2182, Time: 00:00:07

Health: 0/28       AC:  8    Str: 15    XL:     4   Next: 54%
Magic:  4/4        EV: 11    Int:  9    God:
Gold:   131        SH:  0    Dex: 15    Spells: 3/3 levels left

rFire   . . .        a - +0 shortbow
rCold   . . .        (shield currently unavailable)
rNeg    + + .        d - +0 ring mail
rPois   inf          (no helmet)
rElec   +            (no cloak)
rCorr   .            (no gloves)
SInv    .            (no boots)
Will    .....        (no amulet)
Stlth   +            f - ring of positive energy
HPRegen 0.24/turn    (no ring)
MPRegen 0.09/turn

%: no passive effects
@: no status effects
A: sickness immunity, AC +3, negative energy resistance 1, electricity
resistance, torment resistance 1, petrification resistance
a: no special abilities


You were on level 3 of the Dungeon.
You visited 1 branch of the dungeon, and saw 3 of its levels.

You collected 131 gold pieces.


Innate Abilities, Weirdness & Mutations

You are immune to sickness and miasma.
Your stone body is resilient. (AC +3)
You are immune to poison.
You resist negative energy. (rN+)
You are resistant to electric shocks. (rElec)
You are resistant to unholy torment.
You are immune to petrification.


   Skills:
 - Level 3.0 Fighting
 + Level 5.3 Ranged Weapons
 - Level 1.0 Armour
 - Level 1.5 Dodging
 - Level 1.1 Stealth


You had 3 spell levels left.
You didn't know any spells.
Your spell library was empty.

Inventory:

Hand Weapons
 a - a +0 shortbow (weapon)
Armour
 d - a +0 ring mail (worn)
Jewellery
 f - a ring of positive energy (left hand)
Scrolls
 h - a scroll of fear {unknown}
 j - a scroll of amnesia {unknown}
 k - a scroll of acquirement {unknown}
 l - 2 scrolls of identify {unknown}
Potions
 b - a potion of cancellation {unknown}
 c - a potion of enlightenment {unknown}
 e - a potion of attraction {unknown}
 g - 3 potions of heal wounds {unknown}
 i - 2 potions of brilliance {unknown}

Dungeon Overview and Level Annotations

Branches:
Dungeon (3/15)

Altars:

Shops:
D:2 [


Message History

The arrow hits the orc but does no damage.
An orc priest comes into view. It is wielding a +0 club.
You shoot an arrow. The arrow closely misses the orc.
The orc priest shouts!
An orc comes into view. It is wielding a +0 club.
You shoot an arrow.
The arrow hits the orc but does no damage.
You shoot an arrow.
The arrow hits the orc but does no damage.
The orc priest looks satisfied for a moment.
You shoot an arrow. The arrow barely misses the orc.
The orc hits you but does no damage. The orc misses you.
You shoot an arrow. The arrow hits the orc.
The orc is moderately wounded.
The orc hits you with a +0 war axe. The orc completely misses you.
The orc priest calls upon Beogh to heal the orc.
The orc's wounds heal themselves!
You shoot an arrow. The arrow hits the orc.
The orc is heavily wounded.
The orc barely misses you. The orc hits you but does no damage.
The orc barely misses you. The orc closely misses you.
The orc priest mumbles some strange prayers to Beogh against you.
Beogh smites you!
You shoot an arrow. The arrow barely misses the orc.
The orc hits you with a +0 war axe. The orc hits you but does no damage.
You shoot an arrow. The arrow hits the orc.
The orc is severely wounded.
The orc closely misses you. The orc hits you but does no damage.
The orc priest calls upon Beogh to heal the orc.
The orc's wounds heal themselves!
You shoot an arrow. The arrow closely misses the orc.
The orc barely misses you. The orc misses you.
The orc priest mumbles some strange prayers to Beogh against you.
Beogh smites you!
You shoot an arrow. The arrow barely misses the orc.
The orc barely misses you. The orc completely misses you.
You shoot an arrow. The arrow hits the orc!
You kill the orc!
The orc closely misses you. The orc priest hits you with a +0 club.
You die...

#..>....##
##.##.#.:..
##.....##
####.##.#.
##...## #.##...
##'## #.#####
#.# #.#
######.### #.#
#........# #.
#.###....#
#....@#
##.(.ooo.%...
....#...#######
.##.##..# #.
...# #####.#
..# ###


You could see an orc priest and 2 orcs.

Vanquished Creatures
  2 adders (D:3)
  2 ribbon worms (D:3)
  3 orcs (D:3)
  11 ball pythons
  9 endoplasms
  2 giant cockroaches
  2 goblins (D:2)
  5 hobgoblins
  A quokka (D:3)
  7 bats
  A frilled lizard (D:1)
  8 kobolds
  8 rats
61 creatures vanquished.

Notes
Turn   | Place    | Note
-------+----------+-------------------------------------------
     0 | D:1      | qw the Gargoyle Hunter began the quest for the Orb.
     0 | D:1      | Reached XP level 1. HP: 12/12 MP: 1/1
     0 | D:1      | 0 ||| qw: Version: 0.3-a-132-g3d54051
     0 | D:1      | 0 ||| qw: Game counter: 217
     0 | D:1      | 0 ||| qw: Melee chars always use a shield: true
     0 | D:1      | 0 ||| qw: God list: Okawaru
     0 | D:1      | 0 ||| qw: Allow faded altars: false
     0 | D:1      | 0 ||| qw: Do Orc after clearing Dungeon:15 true
     0 | D:1      | 0 ||| qw: Do second Lair branch before Depths: true
     0 | D:1      | 0 ||| qw: Lair rune preference: random
     0 | D:1      | 0 ||| qw: Goals: Normal
     0 | D:1      | 0 ||| PLANNING D:1-11
    61 | D:1      | Reached XP level 2. HP: 17/17 MP: 2/2
   412 | D:1      | Reached XP level 3. HP: 21/21 MP: 3/3
   567 | D:1      | Reached skill level 5 in Ranged Weapons
   735 | D:1      | 735 ||| UPGRADING to +0 ring mail.
   745 | D:1      | 745 ||| DROPPING +0 leather armour.
   746 | D:1      | 746 ||| READING scroll labelled WIURGH XYMA.
   847 | D:1      | 847 ||| DRINKING 2 fuming inky potions.
   952 | D:1      | 952 ||| DROPPING scroll of butterflies.
   953 | D:1      | 953 ||| DROPPING potion of berserk rage.
  1100 | D:2      | Reached skill level 1 in Armour
  1479 | D:2      | Found Iski's Antique Armour Shop.
  1487 | D:2      | 1487 ||| SHOPLISTING faintly humming leather armour (196
                  | gold, have 101).
  1487 | D:2      | 1487 ||| SHOPLISTING pair of fading gloves (266 gold, have
                  | 101).
  1487 | D:2      | 1487 ||| SHOPLISTING runed leather armour (140 gold, have
                  | 101).
  1487 | D:2      | 1487 ||| SHOPLISTING transparent helmet (266 gold, have
                  | 101).
  1533 | D:2      | 1533 ||| UPGRADING to ring of positive energy.
  1534 | D:2      | 1534 ||| READING scroll labelled WEOSSAMANI.
  1574 | D:3      | 1574 ||| FLEEEEING.
  1810 | D:3      | Reached XP level 4. HP: 27/27 MP: 4/4
  1891 | D:3      | Reached skill level 3 in Fighting
  1938 | D:3      | 1938 ||| FLEEEEING.
  2103 | D:3      | 2103 ||| FLEEEEING.
  2180 | D:3      | HP: 1/28 [orc priest/divine providence (11)]
  2182 | D:3      | Slain by an orc priest

Levels and vault maps discovered:
D:1:      lemuel_arrival_broad_hall, layout_basic, serial_glass,
          glass_columns_c, glass_columns_b
D:2:      minmay_angry_zag, layout_basic, serial_shops, shop
D:3:      layout_loops_corners, minmay_fractal_squares_5

Skill      XL: |  1  2  3  4 |
---------------+-------------+-----
Ranged Weapons | 5 |  5.3
Armour         | 1 |  1.0
Fighting       | 3 |  3.0
Dodging        | |  1.5
Stealth        | |  1.1

Action                     |  1- 3 |  4- 6 || total
---------------------------+-------+-------++-------
   Fire: Shortbow          |   117 |    61 ||   178
    Use: Scroll            |     2 |       ||     2
         Potion            |     1 |       ||     1
 Armour: Leather armour    |     3 |       ||     3
         Ring mail         |    14 |    23 ||    37
  Dodge: Dodged            |    17 |    34 ||    51

Table legend:
 A = Non-vault XP
 B = Vault XP
 C = Vault XP percentage of total XP
 D = Non-vault monster count
 E = Vault monster count
 F = Vault count percentage of total count
                 A         B        C        D         E       F
            +---------+---------+-------+---------+---------+-------
      Total |      98 |      32 |  24.6 |      50 |      11 |  18.0
            +---------+---------+-------+---------+---------+-------
        D:1 |      41 |       0 |   0.0 |      27 |       0 |   0.0
        D:2 |      14 |      12 |  46.2 |       9 |       7 |  43.8
        D:3 |      43 |      20 |  31.7 |      14 |       4 |  22.2
            +---------+---------+-------+---------+---------+-------
